 Dungeon Crawl Stone Soup version 0.30-a0-605-gb2882149bf (webtiles) character file.

Game seed: 16266508802883688710

28 OTABOTABOTAB the Insei (level 3, 0/28 HPs)
             Began as a Gnoll Transmuter on Jan 8, 2023.
             Slain by a kobold
             ... wielding a +0 dagger
              (1 damage)
             ... on level 2 of the Dungeon.
             The game lasted 00:01:12 (945 turns).

OTABOTABOTAB the Insei (Gnoll Transmuter)            Turns: 945, Time: 00:01:13

Health: 0/28       AC:  2    Str: 11    XL:     3   Next: 12%
Magic:  9/9        EV: 13    Int: 12    God:
Gold:   30         SH:  0    Dex: 12    Spells: 11/12 levels left

rFire   . . .      SeeInvis .      - Unarmed
rCold   . . .      Faith    .    (no shield)
rNeg    . . .      Spirit   .    a - +0 robe
rPois   .          Reflect  .    (no helmet)
rElec   .          Harm     .    (no cloak)
rCorr   .          Rampage  .    (no gloves)
Will    .....                    (no boots)
Stlth   +                        (no amulet)
HPRegen 0.24/turn                (no ring)
MPRegen 0.11/turn                (no ring)

@: mighty, lethally poisoned (0 -> -4)
A: fangs 1, strong nose, distributed training
a: no special abilities


You were on level 2 of the Dungeon.
You visited 1 branch of the dungeon, and saw 2 of its levels.

You collected 30 gold pieces.

Inventory:

Armour
 a - a +0 robe (worn)
 c - a +0 chain mail
   (You found it on level 1 of the Dungeon)
 g - a +0 robe
   (You found it on level 1 of the Dungeon)
Wands
 f - a wand of quicksilver (6)
   (You found it on level 1 of the Dungeon)
Scrolls
 d - 2 scrolls of noise {unknown}
Potions
 b - 2 potions of lignification {!q}


   Skills:
 + Level 2.6 Fighting
 + Level 0.7 Short Blades
 + Level 0.7 Long Blades
 + Level 0.7 Axes
 + Level 0.7 Maces & Flails
 + Level 0.7 Polearms
 + Level 0.7 Staves
 + Level 0.7 Ranged Weapons
 + Level 0.7 Throwing
 + Level 0.7 Armour
 + Level 4.5 Dodging
 + Level 0.7 Stealth
 + Level 0.7 Shields
 + Level 6.5 Unarmed Combat
 + Level 5.0 Spellcasting
 + Level 0.5 Conjurations
 + Level 0.5 Hexes
 + Level 0.5 Summonings
 + Level 0.5 Necromancy
 + Level 0.5 Translocations
 + Level 3.7 Transmutations
 + Level 0.5 Fire Magic
 + Level 0.5 Ice Magic
 + Level 0.5 Air Magic
 + Level 0.5 Earth Magic
 + Level 0.5 Poison Magic
 + Level 0.9 Invocations
 + Level 0.7 Evocations


You had 11 spell levels left.
You knew the following spells:

 Your Spells              Type           Power      Damage    Failure   Level
a - Beastly Appendage     Tmut           24%        N/A       4%          1

Your spell library contained the following spells:

 Spells                   Type           Power      Damage    Failure   Level
 Wereblood                Tmut           12%        N/A       6%          2
 Spider Form              Tmut/Pois      8%         N/A       26%         3
 Inner Flame              Hex/Fire       4%         N/A       43%         3
 Ice Form                 Ice/Tmut       8%         N/A       63%         4
 Cause Fear               Hex            2%         N/A       85%         4
 Discord                  Hex            2%         N/A       100%        8


Dungeon Overview and Level Annotations

Branches:
Dungeon (2/15)

Altars:


Innate Abilities, Weirdness & Mutations

You have very sharp teeth.
Your uncanny sense of smell can sniff out nearby items.
Your experience applies equally to all skills.


Message History

There is an open door here.
You open the door.
There is an open door here.
You see here 6 stones.
You enter the shallow water.
Moving in this stuff is going to be slow.
A bat comes into view.
The bat hits you.
You take 1 damage, and have 22/23 hp.
You hit the bat. The bat hits you but does no damage. The bat misses you.
You barely miss the bat. The bat barely misses you.
Your unstable footing causes you to fumble your attack.
The bat hits you but does no damage. The bat hits you.
The bat closely misses you. The bat misses you.
You barely miss the bat. The bat barely misses you.
The bat hits you but does no damage.
You hit the bat.
You kill the bat!
Your Spellcasting skill increases to level 5!
You have reached level 3!
Your experience leads to an increase in your attributes!
Increase (s)trength, (i)ntelligence, or (d)exterity?
You feel stronger. x2
Health restored: 28 A quokka comes into view.
MP restored: 9 A quokka is nearby!
Found a stone staircase leading down.
The quokka closely misses you.
Unknown command.
You hit the quokka. The quokka bites you.
You take 4 damage, and have 24/28 hp.
You barely miss the quokka. You bite the quokka, but do no damage.
The quokka bites you.
You take 2 damage, and have 22/28 hp.
You hit the quokka but do no damage. The quokka completely misses you.
You hit the quokka.
You kill the quokka!
No target in view!
No target in view!
There is a stone staircase leading down here.
There is an open door here.
There is an open door here.
You now have 30 gold pieces (gained 8).
Done exploring.
Health restored: 28 Done exploring.
Done exploring.
Done exploring.
(D) Dungeon
Where to? (? - help)
There is a stone staircase leading down here.
You climb downwards.
The hobgoblin shouts!
The goblin shouts!
There is a stone staircase leading up here.
There are monsters nearby!
You hit the goblin but do no damage. You completely miss the goblin.
The goblin hits you with a +0 club.
You take 3 damage, and have 25/28 hp.
You hit the goblin.
You kill the goblin!
An endoplasm comes into view.
An adder comes into view.
The hobgoblin hits you but does no damage.
You hit the hobgoblin.
You kill the hobgoblin!
Unknown command.
A kobold comes into view. It is wielding a +0 dagger.
The kobold shouts!
The adder bites you.
You are poisoned.
The adder poisons you! The adder bites you.
You are more poisoned.
The adder poisons you!
You take 3 damage, and have 23/28 hp.
You hit the adder but do no damage.
You feel very sick. The adder bites you.
You take 5 damage, and have 18/28 hp.
You closely miss the adder.
You feel sick. The endoplasm hits you. The adder closely misses you.
You take 3 damage, and have 15/28 hp.
You closely miss the adder.
You feel sick. The adder bites you.
The endoplasm hits you but does no damage.
You take 5 damage, and have 10/28 hp.
You hit the adder.
You feel sick. The adder closely misses you. The endoplasm freezes you.
You are frozen.
* * * LOW HITPOINT WARNING * * *
The kobold barely misses you.
You take 5 damage, and have 5/28 hp.
It was a potion of might.
You feel very mighty all of a sudden.
* * * LOW HITPOINT WARNING * * *
You feel sick. The adder bites you but does no damage.
The endoplasm freezes you.
You are frozen.
* * * LOW HITPOINT WARNING * * *
The kobold hits you with a +0 dagger.
You die...

....##. .......
?....$. ∆
....... .......
.......
###S......
∆##.@J......
#<.#K......
#....).##.......
#..##### .......
.. .###### .. ..
∆ ∆.. ∆


You could see an adder, an endoplasm and a kobold.

Vanquished Creatures
  A dart slug (D:1)
  An endoplasm (D:1)
  A giant cockroach (D:1)
  3 goblins
  2 hobgoblins
  3 kobolds (D:1)
  A quokka (D:1)
  3 ball pythons (D:1)
  5 bats (D:1)
  2 frilled lizards (D:1)
  3 rats (D:1)
25 creatures vanquished.

Notes
Turn   | Place    | Note
-------+----------+-------------------------------------------
     0 | D:1      | OTABOTABOTAB the Gnoll Transmuter began the quest for the
                  | Orb.
     0 | D:1      | Reached XP level 1. HP: 17/17 MP: 6/6
   132 | D:1      | Reached XP level 2. HP: 21/23 MP: 7/7
   752 | D:1      | Reached skill level 5 in Spellcasting
   752 | D:1      | Reached XP level 3. HP: 28/28 MP: 7/9
   944 | D:2      | HP: 5/28 [frozen (4)]
   945 | D:2      | HP: 1/28 [frozen (3)]
   945 | D:2      | Slain by a kobold

Illustrated notes

Levels and vault maps discovered:
D:1:      reono_arrival_forest_river, layout_basic, dk_noncrumbling_4
D:2:      layout_rooms, serial_shops, nicolae_shop_overgrown_old_shop,
          amcnicky_mini_corridor_feature

Skill      XL: |  1  2 |
---------------+-------+-----
Spellcasting   | 5 |  5.0
Fighting       | |  2.6
Short Blades   | |  0.7
Long Blades    | |  0.7
Axes           | |  0.7
Maces & Flails | |  0.7
Polearms       | |  0.7
Staves         | |  0.7
Ranged Weapons | |  0.7
Throwing       | |  0.7
Armour         | |  0.7
Dodging        | |  4.5
Stealth        | |  0.7
Shields        | |  0.7
Unarmed Combat | |  6.5
Conjurations   | |  0.5
Hexes          | |  0.5
Summonings     | |  0.5
Necromancy     | |  0.5
Translocations | |  0.5
Transmutations | |  3.7
Fire Magic     | |  0.5
Ice Magic      | |  0.5
Air Magic      | |  0.5
Earth Magic    | |  0.5
Poison Magic   | |  0.5
Invocations    | |  0.9
Evocations     | |  0.7

Action                   || total
-------------------------++-------
Melee: Unarmed           ||    84
       Bite              ||     7
       Punch             ||     3
  Use: Potion            ||     1
 Stab: Sleeping          ||     1
Armor: Robe              ||    19
Dodge: Dodged            ||    64

Table legend: (Time is in decaauts)
 A = Elapsed time spent in this place.
 B = Non-inter-level travel time spent in this place.
 C = Inter-level travel time spent in this place.
 D = Time resting spent in this place.
 E = Time spent auto-exploring this place.
 F = Levels seen in this place.
 G = Mean time per level.
                   A        B        C        D        E       F      G
               +--------+--------+--------+--------+--------+-----+--------+
         Total |    945 |    919 |     26 |      0 |    758 |   2 |  472.5 |
       Dungeon |    945 |    919 |     26 |      0 |    758 |   2 |  472.5 |
               +--------+--------+--------+--------+--------+-----+--------+

Top non-repeatable levels by time:
     D:1: 935 daAuts
     D:2: 9 daAuts

Table legend:
 A = Kills in this place as a percentage of kills in entire the game.
 B = Kills by you in this place as a percentage of kills by you in the entire game.
 C = Kills by friends in this place as a percentage of kills by friends in the entire game.
 D = Other kills in this place as a percentage of other kills in the entire game.
 E = Experience gained in this place as a percentage of experience gained in the entire game.
 F = Experience gained in this place divided by the number of levels of this place that you have seen.
                   A       B       C       D       E      F
               +-------+-------+-------+-------+-------+----------------------
         Total | 100.0 | 100.0 |   N/A |   N/A | 100.0 |  20.0
       Dungeon | 100.0 | 100.0 |   N/A |   N/A | 100.0 |  20.0
               +-------+-------+-------+-------+-------+----------------------
